 Dungeon Crawl Stone Soup version 0.25-a0-253-g6f1b5d974a (console) character file.

Game seed: 9684971597198953043, levelgen mode: deterministic

597311 Kagalorn the Sage (level 27, -2/214 HPs)
             Began as a Gnoll Summoner on Dec 3, 2019.
             Was a High Priest of Sif Muna.
             Killed from afar by an acid blob (3 damage)
             ... with a splash of acid
             ... on level 3 of the Realm of Zot on Dec 5, 2019.
             The game lasted 06:28:28 (90430 turns).

Kagalorn the Sage (Gnoll Summoner)                 Turns: 90430, Time: 06:28:30

Health: -2/214     AC: 41    Str: 13    XL:     27
Magic:  39/44      EV: 22    Int: 30    God:    Sif Muna [*****.]
Gold:   5985       SH: 15    Dex: 23    Spells: 14/61 levels left

rFire    + + .     SeeInvis .   a - +9 demon trident (elec)
rCold    + + .     Gourm    .   L - +0 shield
rNeg     + . .     Faith    .   W - +10 pearl dragon scales
rPois    +         Spirit   .   g - +2 helmet {Int+3}
rElec    +         Reflect  .   j - +2 cloak {rPois}
rCorr    .         Harm     .   q - +1 pair of gloves of the Evening {Dex+6}
MR       ++...     Clarity  +   U - +2 pair of boots {Fly}
Stlth    +++++++...             Z - amulet of regeneration
HPRegen  0.85/turn              I - ring of Batt {+Fly rF+ rC+ Stlth+}
MPRegen  0.29/turn              m - ring "Yseomnuj" {rElec rF+ rC+}

@: about to teleport, very slightly contaminated, studying Summonings
A: distributed training, fangs 1, clarity, sense surroundings 1, MP-powered
wands, strong nose
}: 4/15 runes: barnacled, slimy, silver, gossamer
a: Channel Magic, Forget Spell, Divine Exegesis, Renounce Religion, Evoke Flight


You were on level 3 of the Realm of Zot.
You worshipped Sif Muna.
Sif Muna was extremely pleased with you.
You were very hungry.

You visited 11 branches of the dungeon, and saw 53 of its levels.
You also visited: Gauntlet and Wizlab.

You collected 8467 gold pieces.
You spent 2482 gold pieces at shops.

Inventory:

Hand Weapons
 a - a +9 demon trident of electrocution (weapon)
Missiles
 r - 9 throwing nets
 M - 30 silver javelins (quivered)
Armour
 g - a +2 helmet of intelligence (worn)
 j - a +2 cloak of poison resistance (worn)
 q - the +1 pair of gloves of the Evening (worn) {Dex+6}
   (You found it on level 4 of the Shoals)

   It affects your dexterity (+6).
 L - a +0 shield (worn)
 U - a +2 pair of boots of flying (worn)
 W - +10 pearl dragon scales (worn)
Jewellery
 i - the amulet "Woalul" {Reflect rN+ Int+4 SH+4}
   (You bought it in a shop on level 1 of the Depths)

   [amulet of reflection]

   It shields you and reflects attacks.
   It affects your intelligence (+4).
   It protects you from negative energy.
   It affects your SH (+4).
 m - the ring "Yseomnuj" (right hand) {rElec rF+ rC+}
   (You found it on level 1 of the Depths)

   [ring of protection from fire]

   It protects you from fire.
   It protects you from cold.
   It insulates you from electricity.
 p - an uncursed ring of wizardry
 t - an uncursed amulet of magic regeneration
 x - the ring of the Endless Lies {rC+ Str+4 Int+4}
   (You took it off a deep elf mage on level 3 of the Elven Halls)

   [ring of protection from cold]

   It affects your strength (+4).
   It affects your intelligence (+4).
   It protects you from cold.
 E - the ring "Guneppui" {rElec MR+ rCorr Dex-3 Stlth+}
   (You found it on level 1 of the Depths)

   [ring of resist corrosion]

   It affects your dexterity (-3).
   It insulates you from electricity.
   It affects your resistance to hostile enchantments.
   It provides partial protection from all sources of acid and corrosion.
   It makes you more stealthy.
 I - the ring of Batt (left hand) {+Fly rF+ rC+ Stlth+}
   (You bought it in a shop on level 12 of the Dungeon)

   [ring of flight]

   It protects you from fire.
   It protects you from cold.
   It lets you fly.
   It makes you more stealthy.
 P - the ring of the Mage {Wiz MR++ Int+3}
   (You found it on level 5 of the Pits of Slime)

   [ring of wizardry]

   It improves your spell success rate.
   It affects your intelligence (+3).
   It affects your resistance to hostile enchantments.
 T - the ring of Lugonu's Pride {rC- Str+4 Slay+4 SInv}
   (You bought it in a shop on level 12 of the Dungeon)

   [ring of see invisible]

   It affects your strength (+4).
   It affects your accuracy and damage with ranged weapons and melee attacks
   (+4).
   It makes you vulnerable to cold.
   It lets you see invisible.
 Z - an amulet of regeneration (around neck)
Wands
 h - a wand of clouds (3)
 l - a wand of scattershot (2)
 y - a wand of digging (9)
 D - a wand of paralysis (67)
 S - a wand of acid (42)
 V - a wand of iceblast (27)
Scrolls
 b - 9 scrolls of identify
 f - 14 scrolls of fear
 o - 10 scrolls of magic mapping
 s - 13 scrolls of teleportation
 u - 15 scrolls of fog
 w - 6 scrolls of amnesia
 H - 20 scrolls of remove curse
 O - 2 scrolls of summoning
 Y - 5 scrolls of blinking
Potions
 d - 5 potions of magic
 e - 3 potions of heal wounds
 k - 2 potions of resistance
 v - 17 potions of curing
 z - 10 potions of haste
 B - 7 potions of brilliance
 C - 2 potions of invisibility
 F - 4 potions of agility
 G - 5 potions of cancellation
 J - 6 potions of lignification
 K - 11 potions of might
 N - 6 potions of mutation
 R - 9 potions of ambrosia
 X - 5 potions of berserk rage
Books
 n - a manual of Summonings
Miscellaneous
 A - 4 phantom mirrors
 Q - 5 boxes of beasts
Comestibles
 c - 29 rations


   Skills:
 + Level 17.1 Fighting
 + Level 17.1 Short Blades
 + Level 17.1 Long Blades
 + Level 17.1 Axes
 + Level 17.1 Maces & Flails
 + Level 17.1 Polearms
 + Level 17.1 Staves
 + Level 17.1 Slings
 + Level 17.1 Bows
 + Level 17.1 Crossbows
 + Level 17.1 Throwing
 + Level 17.1 Armour
 + Level 17.5 Dodging
 + Level 17.4 Stealth
 + Level 17.1 Shields
 + Level 17.1 Unarmed Combat
 + Level 17.6 Spellcasting
 + Level 14.7 Conjurations
 + Level 14.7 Hexes
 + Level 14.7 Charms
 + Level 18.2 Summonings
 + Level 14.7 Necromancy
 + Level 14.7 Translocations
 + Level 14.7 Transmutations
 + Level 14.7 Fire Magic
 + Level 14.7 Ice Magic
 + Level 14.7 Air Magic
 + Level 14.7 Earth Magic
 + Level 14.7 Poison Magic
 + Level 18.4 Invocations
 + Level 17.1 Evocations


You had 14 spell levels left.
You knew the following spells:

 Your Spells              Type           Power        Failure   Level  Hunger
a - Summon Mana Viper     Hex/Summ       #######.     1%          5    None
b - Iron Shot             Conj/Erth      #######...   1%          6    ##.....
c - Lee's Rapid Deconstr  Erth           #######...   1%          5    None
d - Summon Lightning Spi  Summ/Air       #######.     1%          4    None
e - Freezing Cloud        Conj/Ice/Air   #######...   1%          6    ##.....
f - Silence               Hex/Air        #######...   1%          5    None
g - Invisibility          Hex            #######.     1%          6    ##.....
h - Swiftness             Chrm/Air       #######.     1%          2    None
i - Blink                 Tloc           N/A          1%          2    None
j - Statue Form           Tmut/Erth      #######..    1%          6    ##.....

Your spell library contained the following spells:

 Spells                   Type           Power        Failure   Level  Hunger
 Animate Skeleton         Necr           N/A          0%          1    None
 Apportation              Tloc           ######       0%          1    None
 Beastly Appendage        Tmut           ######       0%          1    None
 Confusing Touch          Hex            ######       0%          1    None
 Corona                   Hex            #######      0%          1    None
 Foxfire                  Conj/Fire      ####         0%          1    None
 Freeze                   Ice            ####         0%          1    None
 Infusion                 Chrm           ####         0%          1    None
 Magic Dart               Conj           ####         0%          1    None
 Pain                     Necr           ####         0%          1    None
 Sandblast                Erth           ######       0%          1    None
 Shock                    Conj/Air       ####         0%          1    None
 Sting                    Tmut/Pois      ####         0%          1    None
 Summon Butterflies       Summ           #######.     0%          1    None
 Summon Small Mammal      Summ           ####         0%          1    None
 Call Imp                 Summ           #######.     0%          2    None
 Call Canine Familiar     Summ           #######.     0%          3    None
 Corpse Rot               Necr/Air       N/A          1%          2    None
 Ensorcelled Hibernation  Hex/Ice        ######       1%          2    None
 Passwall                 Tmut/Erth      #######.     1%          2    None
 Poisonous Vapours        Pois/Air       ######       1%          2    None
 Searing Ray              Conj           ######       1%          2    None
 Shroud of Golubria       Chrm/Tloc      ######       1%          2    None
 Slow                     Hex            #######.     1%          2    None
 Song of Slaying          Chrm           #######.     1%          2    None
 Sticks to Snakes         Tmut           #######.     1%          2    None
 Sublimation of Blood     Necr           #######...   1%          2    None
 Confuse                  Hex            #######.     1%          3    None
 Conjure Flame            Conj/Fire      #######.     1%          3    None
 Dazzling Flash           Conj/Hex       ######       1%          3    None
 Gell's Gravitas          Tloc           #######...   1%          3    None
 Ignite Poison            Fire/Tmut/Pois #######.     1%          3    None
 Inner Flame              Hex/Fire       #######.     1%          3    None
 Lesser Beckoning         Tloc           #######...   1%          3    None
 Mephitic Cloud           Conj/Pois/Air  #######.     1%          3    None
 Ozocubu's Armour         Chrm/Ice       #######.     1%          3    None
 Portal Projectile        Hex/Tloc       ######       1%          3    None
 Recall                   Summ/Tloc      N/A          1%          3    None
 Regeneration             Chrm/Necr      #######...   1%          3    None
 Spectral Weapon          Hex/Chrm       #######.     1%          3    None
 Spider Form              Tmut/Pois      #######...   1%          3    None
 Stone Arrow              Conj/Erth      ######       1%          3    None
 Summon Guardian Golem    Hex/Summ       #######.     1%          3    None
 Teleport Other           Tloc           #######.     1%          3    None
 Tukima's Dance           Hex            #######.     1%          3    None
 Vampiric Draining        Necr           #######...   1%          3    None
 Animate Dead             Necr           N/A          1%          4    None
 Cause Fear               Hex            #######...   1%          4    None
 Fulminant Prism          Conj/Hex       #######...   1%          4    None
 Hailstorm                Conj/Ice       #######.     1%          4    None
 Ice Form                 Ice/Tmut       #######.     1%          4    None
 Iskenderun's Mystic Bla  Conj/Tloc      #######.     1%          4    None
 Leda's Liquefaction      Hex/Erth       #######...   1%          4    None
 Olgreb's Toxic Radiance  Pois           #######.     1%          4    None
 Passage of Golubria      Tloc           N/A          1%          4    None
 Petrify                  Tmut/Erth      #######.     1%          4    None
 Sticky Flame             Conj/Fire      #######.     1%          4    None
 Summon Ice Beast         Ice/Summ       #######.     1%          4    None
 Agony                    Necr           #######.     1%          5    None
 Alistair's Intoxication  Tmut/Pois      #######.     1%          5    None
 Aura of Abjuration       Summ           #######...   1%          5    None
 Blade Hands              Tmut           #######...   1%          5    None
 Bolt of Magma            Conj/Fire/Erth #######...   1%          5    None
 Borgnjor's Vile Clutch   Necr/Erth      #######...   1%          5    None
 Dispel Undead            Necr           #######.     1%          5    None
 Excruciating Wounds      Chrm/Necr      #######...   1%          5    None
 Fireball                 Conj/Fire      #######...   1%          5    None
 Irradiate                Conj/Tmut      #######...   1%          5    None
 Iskenderun's Battlesphe  Conj/Chrm      #######.     1%          5    None
 Lightning Bolt           Conj/Air       #######...   1%          5    None
 Metabolic Englaciation   Hex/Ice        #######...   1%          5    None
 Summon Demon             Summ           #######...   1%          5    None
 Summon Forest            Summ/Tloc      #######...   1%          5    None
 Yara's Violent Unravell  Hex/Tmut       #######...   1%          5    None
 Conjure Ball Lightning   Conj/Air       #######...   1%          6    ##.....
 Darkness                 Hex            #######...   1%          6    ##.....
 Death Channel            Necr           #######...   1%          6    ##.....
 Deflect Missiles         Chrm/Air       #######...   1%          6    ##.....
 Dispersal                Tloc           #######...   1%          6    ##.....
 Eringya's Noxious Bog    Tmut/Pois      #######...   1%          6    ##.....
 Hydra Form               Tmut           #######...   1%          6    ##.....
 Ozocubu's Refrigeration  Ice            #######...   1%          6    ##.....
 Shadow Creatures         Summ           N/A          1%          6    ##.....
 Simulacrum               Ice/Necr       #######...   1%          6    ##.....
 Starburst                Conj/Fire      #######...   1%          6    ##.....
 Monstrous Menagerie      Summ           #######...   2%          7    ####...
 Summon Greater Demon     Summ           #######...   2%          7    ####...
 Summon Hydra             Summ           #######...   2%          7    ####...
 Haunt                    Necr/Summ      #######...   5%          7    ####...
 Malign Gateway           Summ/Tloc      #######...   5%          7    ####...
 Spellforged Servitor     Conj/Summ      #######...   5%          7    ####...
 Dragon Form              Tmut           #######...   11%         7    ####...
 Orb of Destruction       Conj           #######...   11%         7    ####...
 Ring of Flames           Chrm/Fire      #######...   11%         7    ####...
 Summon Horrible Things   Summ           #######...   19%         8    ######.
 Borgnjor's Revivificati  Necr           #######...   63%         8    ######.
 Chain Lightning          Conj/Air       #######...   63%         8    ######.
 Controlled Blink         Tloc           N/A          63%         8    ######.
 Death's Door             Chrm/Necr      #######...   63%         8    ######.
 Discord                  Hex            #######...   63%         8    ######.
 Disjunction              Tloc           #######...   63%         8    ######.
 Ignition                 Fire           #######...   63%         8    ######.
 Infestation              Necr           #######...   63%         8    ######.
 Lehudib's Crystal Spear  Conj/Erth      #######...   63%         8    ######.
 Necromutation            Tmut/Necr      #######...   63%         8    ######.
 Dragon's Call            Summ           #######...   96%         9    #######
 Fire Storm               Conj/Fire      #######...   100%        9    #######
 Glaciate                 Conj/Ice       #######...   100%        9    #######
 Shatter                  Erth           #######...   100%        9    #######
 Tornado                  Air            #######...   100%        9    #######


Dungeon Overview and Level Annotations

Branches:
Dungeon (15/15)            Temple (1/1) D:5            Lair (6/6) D:11
 Shoals (4/4) Lair:2       Spider (4/4) Lair:2        Slime (5/5) Lair:5
    Orc (2/2) D:12            Elf (3/3) Orc:2        Vaults (5/5) D:13
  Crypt (0/3) Vaults:2     Depths (5/5) D:15            Zot (3/5) Depths:5
 WizLab (visited)         Gauntlet (visited)

Altars:
Ashenzari
Cheibriados
Dithmenos
Elyvilon
Fedhas
Gozag
Hepliaklqana
Kikubaaqudgha
Makhleb
Nemelex Xobeh
Okawaru
Qazlal
Ru
Sif Muna
Trog
Uskayaw
Vehumet
Wu Jian
Xom
Yredelemnul
Zin
The Shining One
Jiyva

Shops:
D:6 [   D:7 *   D:9 *   D:10 !   D:12 *(:!}   D:14 [   D:15 ?   Orc:2 [[*:
Elf:2 [   Shoals:1 [   Depths:1 =}}

Portals:
Hell: Depths:1 Depths:2 Depths:3 Depths:4 Depths:5
Abyss: Depths:2 Depths:4
Pandemonium: Depths:3 Depths:5
Ziggurat: Depths:3

Annotations:
Zot:3 exclusion: oklob plant


Innate Abilities, Weirdness & Mutations

Your experience applies equally to all skills.
You have very sharp teeth.
Your uncanny sense of smell can sniff out nearby items.
You possess an exceptional clarity of mind.
You passively map a small area around you.
You expend magic power (3 MP) to strengthen your wands.


Message History

Your magical effects are unravelling.
You feel magically purged.
You feel slightly less contaminated with magical energies.
You flicker back into view.
You are no longer corroded.
You feel much better. The acid blob hits you.
* * * LOW HITPOINT WARNING * * *
You are splashed with acid!
* * * LOW HITPOINT WARNING * * *
As you read the scroll of teleportation, it crumbles to dust.
You feel strangely unstable.
You feel the Orb delaying your translocation!
You block the acid blob's attack. The acid blob spits acid at you.
The splash of acid hits you!
* * * LOW HITPOINT WARNING * * *
You are splashed with acid!
* * * LOW HITPOINT WARNING * * *
The acid blob spits acid at you. The splash of acid hits you.
You die...

####### ###....$###
##...d.....## ##...J.......##
#..JJ#####d...#
##..J##...##...##
#.)@##,}...##J..#
##############...#,,.....##J.##
.........)))#...##,J.....J..q.#
###########.[...#,,,.>...qJ...#
#.'...#,,,>Pd.......#
###...#*,,..........#
##...#,,.....##..##
#...#*,....#*...#
##...#*...#*,..##


You could see 3 acid blobs, a yellow draconian and a jelly.

Vanquished Creatures
  the Royal Jelly (Slime:5)
  3 juggernauts
  A curse toe (Zot:3)
  Frederick (Vaults:2)
  5 golden dragons
  Nikola (Spider:4)
  A Hellbinder (WizLab)
  2 electric golems (Zot:2)
  Jorgrun (Orc:1)
  9 tentacled monstrosities
  Asterion (D:13)
  3 deep elf master archers
  10 quicksilver dragons
  7 titans
  22 acid blobs
  2 liches
  3 deep elf blademasters
  Polyphemus (Shoals:3)
  5 death cobs
  2 krakens
  6 sphinxes
  13 storm dragons
  10 shadow dragons
  8 tengu reavers
  8 azure jellies
  5 deep elf sorcerers
  The ghost of korppi the Black Sun, an adept DsGl of Kikubaaqudgha (Shoals:4)
  6 fire giants
  2 ghost moths (Spider:4)
  3 draconian monks
  An orc warlord (Orc:2)
  A draconian knight (Zot:3)
  4 iron dragons
  Aizul (Spider:4)
  14 vault wardens
  4 emperor scorpions
  7 frost giants
  5 draconian scorchers
  Louise (Shoals:1)
  5 draconian annihilators
  5 deep elf elementalists
  3 draconian stormcallers
  A draconian shifter (Zot:2)
  12 very ugly things
  2 war gargoyles (Vaults:4)
  21 stone giants
  11 ironheart preservers
  6 entropy weavers
  2 vampire knights
  8 green draconians
  7 black draconians
  2 dire elephants
  3 lorocyprocas (WizLab)
  A minotaur (Gauntlet)
  6 purple draconians
  7 deep elf demonologists
  5 deep elf annihilators
  4 red draconians
  6 spark wasps
  6 white draconians
  16 yellow draconians
  11 death oozes (Slime:5)
  14 ettins
  2 green deaths (WizLab)
  3 merfolk javelineers
  6 fire dragons
  Josephine (D:14)
  4 merfolk impalers
  The ghost of Goblin1989 the Carver, a journeyman TeFi of Hepliaklqana (Orc:2)
  7 deep elf high priests
  2 deep elf death magi (Vaults:5)
  18 yaktaur captains
  9 great orbs of eyes
  2 rakshasas (Depths:4)
  36 vault guards
  9 ice dragons
  A hell beast (WizLab)
  Fannar (D:12)
  9 hydras
  2 spriggan air magi
  Erica (D:11)
  An alligator snapping turtle (Shoals:4)
  An anaconda (Lair:6)
  15 centaur warriors
  A death knight (Vaults:1)
  3 merfolk avatars
  A catoblepas (Shoals:3)
  17 dancing weapons
  4 death yaks
  7 ogre magi
  2 satyrs (Shoals:4)
  5 tengu warriors
  3 merfolk aquamancers (Shoals:4)
  25 two-headed ogres
  3 deep troll shamans
  3 deep troll earth magi
  2 orc high priests
  3 hell knights
  2 small abominations
  Sonja (D:11)
  5 spriggan berserkers
  13 deep elf knights
  A sun demon (WizLab)
  2 spriggans
  7 skeletal warriors (Vaults:2)
  A salamander mystic (Depths:4)
  2 sixfirhies
  A spectral merfolk (Shoals:4)
  3 unseen horrors
  5 glowing orange brains
  8 sea snakes
  A large abomination (Elf:2)
  13 deep elf archers
  A sphinx zombie (Vaults:4)
  2 death drakes (shapeshifter)
  12 ironbrand convokers
  An obsidian statue (Vaults:4)
  2 wizards (Vaults:3)
  An orange crystal statue (Depths:4)
  8 deep trolls
  2 flayed ghosts
  10 orb spiders
  23 wolf spiders
  67 deep elf magi
  12 orc knights
  3 phantasmal warriors
  2 orc sorcerers
  11 harpies
  A stone giant zombie (Vaults:5)
  An iron dragon zombie (Vaults:4)
  6 necromancers
  A fire giant zombie (Vaults:5)
  A mana viper (shapeshifter) (Depths:5)
  15 ugly things
  A cyclops (shapeshifter) (Depths:3)
  4 fauns
  12 manticores
  3 shining eyes
  An oklob plant (Shoals:3)
  5 cyclopes
  A merfolk siren (Shoals:3)
  18 moths of wrath
  4 salamanders (Depths:4)
  6 human skeletons
  2 black mambas (shapeshifter)
  4 water nymphs
  A frost giant zombie (Depths:2)
  An elephant (shapeshifter) (Depths:1)
  7 elephants
  9 vault sentinels
  3 black mambas
  2 smoke demons
  2 fire giant skeletons
  A guardian serpent (shapeshifter) (Depths:1)
  4 rust devils
  3 eyes of devastation
  A spiny frog (shapeshifter) (Vaults:1)
  2 spiny frogs
  An eye of devastation (shapeshifter) (Depths:3)
  2 centaur skeletons
  A kobold demonologist (Depths:4)
  2 rime drakes
  A komodo dragon (Lair:4)
  2 hellions
  7 demonic crawlers
  3 freezing wraiths
  A yaktaur zombie (Vaults:5)
  A yaktaur (shapeshifter) (Vaults:3)
  36 yaktaurs
  A queen bee (shapeshifter) (Depths:1)
  14 merfolk
  A yaktaur skeleton (Vaults:5)
  6 trolls
  A harpy zombie (D:15)
  2 hellwings (WizLab)
  6 hornets
  A polar bear (Lair:6)
  31 jumping spiders
  A spriggan skeleton (Depths:2)
  A polar bear (shapeshifter) (D:13)
  5 wind drakes
  A wind drake (shapeshifter) (Vaults:4)
  Prince Ribbit (D:8)
  3 dream sheep (Shoals:1)
  98 slime creatures
  A stone giant simulacrum (Vaults:3)
  A spectral orc (Orc:2)
  6 hippogriffs
  A snapping turtle (Shoals:4)
  A centaur simulacrum (D:15)
  An ettin skeleton (Vaults:2)
  2 air elementals (Elf:3)
  4 shadows
  3 wyverns
  A tarantella (shapeshifter) (Depths:1)
  An orc simulacrum (Orc:2)
  29 tarantellas
  27 yaks
  2 fire bats (Depths:4)
  2 ynoxinuls (WizLab)
  49 redbacks
  12 water elementals
  5 wraiths
  A hog (D:9)
  6 fire elementals
  A human (D:9)
  4 golden eyes (Slime:1)
  4 steam dragons
  A basilisk (Lair:5)
  3 chaos spawn
  4 vampire mosquitoes
  2 hungry ghosts
  A yaktaur simulacrum (Vaults:1)
  Menkaure (D:7)
  3 acid dragons
  4 wargs (D:15)
  A water moccasin (shapeshifter) (Vaults:2)
  5 water moccasins
  3 merfolk simulacra (Shoals:4)
  6 porcupines
  2 floating eyes (shapeshifter) (Vaults:5)
  3 sky beasts
  A hornet zombie (D:12)
  7 eyes of draining
  53 orc warriors
  3 ice beasts
  3 phantoms
  19 ogres
  A black bear (Lair:5)
  An eye of draining (shapeshifter) (Vaults:4)
  A necrophage (D:10)
  A boggart (shapeshifter) (Vaults:5)
  An elf skeleton (Vaults:2)
  12 boggarts
  25 centaurs
  12 crocodiles
  7 big kobolds
  16 bullfrogs
  A water nymph simulacrum (Shoals:4)
  3 earth elementals (Elf:1)
  A scorpion (D:6)
  A manticore simulacrum (Shoals:4)
  8 killer bees
  7 howler monkeys
  A spectral ogre (Orc:2)
  2 wights (D:8)
  6 electric eels
  4 crimson imps
  5 centaur zombies
  A quasit (Depths:5)
  11 hounds
  27 jellies (Zot:3)
  18 orc priests
  3 bullfrog skeletons
  2 iguanas
  Natasha (twice) (D:2)
  22 orc wizards
  7 worker ants
  2 hound skeletons
  A worker ant zombie (D:10)
  5 gnolls
  9 adders
  4 shadow imps
  An ooze (D:4)
  2 adder skeletons
  A worm (D:3)
  A dart slug (D:2)
  6 leopard geckos
  96 orcs
  5 giant cockroaches
  10 goblins
  9 hobgoblins
  24 kobolds
  4 quokkas
  5 bats
  6 frilled lizards
  A goblin skeleton (D:8)
  A hobgoblin zombie (D:8)
  A kobold skeleton (D:8)
  4 orc skeletons
  2 orc zombies (D:8)
  9 rats
  2 crawling corpses (Elf:3)
  A fire vortex (Depths:4)
  4 plants
  5 tentacles
1848 creatures vanquished.

Vanquished Creatures (collateral kills)
  2 juggernauts
  Bai Suzhen (Spider:4)
  Saint Roka (Depths:4)
  Xtahua (Vaults:4)
  A curse toe (Zot:2)
  Arachne (Spider:3)
  A tentacled monstrosity (Vaults:4)
  Rupert (Lair:6)
  A quicksilver dragon (Zot:3)
  A titan (Depths:4)
  A sphinx (Depths:2)
  Frances (D:14)
  Kirke (Lair:4)
  2 storm dragons
  2 shadow dragons
  A fire giant (Depths:4)
  2 tengu reavers
  A draconian knight (Zot:2)
  2 deep elf sorcerers
  3 emperor scorpions (Spider:4)
  3 vault wardens
  A draconian scorcher (Zot:3)
  A cacodemon (WizLab)
  A balrug (WizLab)
  A draconian annihilator (Zot:2)
  4 ironheart preservers
  5 stone giants
  4 very ugly things
  3 entropy weavers
  A black sun (WizLab)
  3 deep elf demonologists
  2 yellow draconians (Depths:5)
  A lorocyproca (WizLab)
  4 dire elephants
  A red draconian (Depths:5)
  A purple draconian (Depths:5)
  3 ettins
  A blizzard demon (WizLab)
  2 merfolk javelineers
  2 merfolk impalers (Shoals:4)
  A deep elf high priest (Elf:1)
  A deep elf death mage (Vaults:4)
  4 yaktaur captains
  4 ogre magi
  2 fire dragons
  4 hydras
  5 great orbs of eyes
  6 vault guards
  Harold (D:7)
  5 ice dragons
  A rakshasa (Depths:1)
  A centaur warrior (Vaults:4)
  9 two-headed ogres
  10 dancing weapons
  A merfolk aquamancer (Shoals:4)
  3 death yaks
  2 deep troll shamans
  A tengu warrior (D:15)
  2 deep troll earth magi
  2 spriggan berserkers (Depths:2)
  13 deep elf knights
  4 hell knights
  2 skeletal warriors (Vaults:2)
  A small abomination (Elf:3)
  A salamander mystic (Depths:4)
  A shadow wraith (Vaults:3)
  A spark wasp zombie (Depths:2)
  An unseen horror (Vaults:1)
  A glowing orange brain (Vaults:4)
  9 sea snakes
  A deep troll (Depths:1)
  2 flayed ghosts
  3 harpies
  8 deep elf archers
  10 orb spiders
  3 ironbrand convokers
  A necromancer (Depths:2)
  A phantasmal warrior (Vaults:5)
  10 ugly things
  5 orc knights
  An oklob plant (Shoals:3)
  5 wolf spiders
  A salamander (Depths:4)
  13 deep elf magi
  2 manticores
  3 fauns (Shoals:1)
  3 moths of wrath
  A cyclops (Shoals:4)
  3 shining eyes
  7 elephants
  3 merfolk sirens
  5 vault sentinels
  A centaur zombie (D:12)
  2 spiny frogs
  A water nymph (Shoals:4)
  An orange demon (WizLab)
  A torpor snail (Spider:2)
  2 kobold demonologists (D:12)
  3 komodo dragons
  A rime drake (Shoals:1)
  9 yaktaurs
  A freezing wraith (Vaults:1)
  A tormentor (WizLab)
  An efreet (D:12)
  3 demonic crawlers
  A spectral merfolk (Shoals:4)
  An ice devil (WizLab)
  A red devil (WizLab)
  A jumping spider (shapeshifter) (Vaults:3)
  2 tengu conjurers
  11 jumping spiders
  9 merfolk
  2 wind drakes
  A spectral manticore (Shoals:4)
  5 trolls
  2 hippogriffs
  A blink frog (Lair:6)
  10 slime creatures
  A dream sheep (Shoals:1)
  An ettin skeleton (Vaults:2)
  4 wraiths
  16 redbacks
  4 water elementals
  3 tarantellas
  2 shadows (Gauntlet)
  A wyvern (D:7)
  An air elemental (Elf:2)
  8 yaks
  A vampire (D:13)
  A steam dragon (Shoals:1)
  4 basilisks
  A neqoxec (WizLab)
  9 hogs
  2 fire bats (Depths:4)
  2 chaos spawn (WizLab)
  3 merfolk simulacra (Shoals:4)
  2 hungry ghosts
  7 vampire mosquitoes
  2 acid dragons
  2 water moccasins
  A floating eye (shapeshifter) (Depths:4)
  8 orc warriors
  A porcupine (Lair:2)
  A human skeleton (Vaults:2)
  A sky beast (D:8)
  A spectral troll (Orc:2)
  An ice beast (D:12)
  A wolf (D:10)
  3 boggarts
  13 ogres
  4 centaurs
  4 crocodiles
  A big kobold (D:12)
  A bullfrog (D:7)
  A spectral ogre (Orc:2)
  A killer bee (D:9)
  A howler monkey (D:8)
  3 wights (D:8)
  4 crimson imps
  A bullfrog zombie (D:6)
  A quasit (D:10)
  5 hounds
  9 orc wizards
  5 orc priests
  An iron imp (D:8)
  An iguana (D:6)
  2 worker ants
  Natasha (D:2)
  A spectral orc (Orc:2)
  6 gnolls
  6 adders
  A shadow imp (D:6)
  An adder skeleton (D:8)
  A worm (D:2)
  A dart slug (D:1)
  2 orc simulacra (Orc:2)
  A leopard gecko (D:8)
  46 orcs
  2 bats
  9 goblins
  3 hobgoblins
  6 kobolds
  A ball python zombie (D:6)
  A frilled lizard (D:1)
  A goblin skeleton (D:8)
  A goblin zombie (D:8)
  A kobold zombie (D:8)
  3 rats (D:1)
  A fungus (Lair:6)
  2 plants
586 creatures vanquished.

Vanquished Creatures (others)
  A draconian knight (Depths:5)
  A deep elf sorcerer (Elf:2)
  A stone giant (Depths:1)
  A deep elf high priest (Elf:3)
  A yaktaur captain (Depths:5)
  A two-headed ogre (Depths:2)
  An ogre mage (Vaults:3)
  A shadow wraith (Vaults:4)
  An unseen horror (D:15)
  A deep troll (Depths:2)
  An orb spider (Spider:3)
  A salamander (Depths:4)
  An elf zombie (Depths:2)
  5 yaktaurs
  3 redbacks (Spider:4)
  An orc wizard (Vaults:5)
  2 orcs
  A demonic plant (Gauntlet)
  12 fungi
  20 plants
  12 tentacles
  2 withered plants (Gauntlet)
71 creatures vanquished.

Grand Total: 2505 creatures vanquished

Notes
Turn   | Place    | Note
-------+----------+-------------------------------------------
     0 | D:1      | Kagalorn the Gnoll Summoner began the quest for the Orb.
     0 | D:1      | Reached XP level 1. HP: 13/13 MP: 6/6
   205 | D:1      | Reached XP level 2. HP: 7/19 MP: 3/7
  1042 | D:2      | Reached XP level 3. HP: 20/25 MP: 6/9
  1097 | D:2      | Reached skill level 5 in Spellcasting
  1194 | D:2      | Learned a level 3 spell: Call Canine Familiar
  1210 | D:2      | Reached skill level 1 in Invocations
  1398 | D:2      | Reached skill level 1 in Fighting
  1398 | D:2      | Reached skill level 1 in Short Blades
  1398 | D:2      | Reached skill level 1 in Long Blades
  1398 | D:2      | Reached skill level 1 in Axes
  1398 | D:2      | Reached skill level 1 in Maces & Flails
  1398 | D:2      | Reached skill level 1 in Polearms
  1398 | D:2      | Reached skill level 1 in Staves
  1398 | D:2      | Reached skill level 1 in Slings
  1398 | D:2      | Reached skill level 1 in Bows
  1398 | D:2      | Reached skill level 1 in Crossbows
  1398 | D:2      | Reached skill level 1 in Throwing
  1398 | D:2      | Reached skill level 1 in Armour
  1398 | D:2      | Reached skill level 1 in Shields
  1398 | D:2      | Reached skill level 1 in Unarmed Combat
  1398 | D:2      | Reached skill level 1 in Evocations
  1398 | D:2      | Reached XP level 4. HP: 29/32 MP: 8/11
  2050 | D:2      | Reached skill level 1 in Conjurations
  2050 | D:2      | Reached skill level 1 in Hexes
  2050 | D:2      | Reached skill level 1 in Charms
  2050 | D:2      | Reached skill level 1 in Necromancy
  2050 | D:2      | Reached skill level 1 in Translocations
  2050 | D:2      | Reached skill level 1 in Transmutations
  2050 | D:2      | Reached skill level 1 in Fire Magic
  2050 | D:2      | Reached skill level 1 in Ice Magic
  2050 | D:2      | Reached skill level 1 in Air Magic
  2050 | D:2      | Reached skill level 1 in Earth Magic
  2050 | D:2      | Reached skill level 1 in Poison Magic
  2146 | D:2      | Noticed Natasha
  2154 | D:2      | Killed Natasha
  2154 | D:2      | Reached XP level 5. HP: 31/37 MP: 12/12
  2191 | D:2      | Noticed Natasha
  2202 | D:2      | Killed Natasha
  2320 | D:2      | Noticed Natasha
  2331 | D:2      | Killed Natasha
  3124 | D:4      | Reached XP level 6. HP: 38/44 MP: 10/13
  3644 | D:4      | Reached skill level 5 in Dodging
  4182 | D:4      | Learned a level 4 spell: Summon Lightning Spire
  4495 | D:5      | Entered Level 5 of the Dungeon
  4498 | D:5      | Found a staircase to the Ecumenical Temple.
  4508 | Temple   | Entered the Ecumenical Temple
  4707 | Temple   | Became a worshipper of Sif Muna the Loreminder
  4752 | D:5      | Noticed an ice beast
  5192 | D:5      | Noticed a sky beast
  5196 | D:5      | Reached XP level 7. HP: 49/50 MP: 12/15
  6015 | D:5      | Found a white marble altar of Elyvilon.
  6336 | D:6      | Reached skill level 5 in Stealth
  6486 | D:6      | Reached XP level 8. HP: 45/57 MP: 16/16
  6488 | D:6      | Reached * piety under Sif Muna
  6804 | D:6      | Found Zuqoot's Armour Emporium.
  7048 | D:7      | Noticed a wyvern
  7056 | D:7      | Killed a wyvern
  7325 | D:7      | Noticed Harold
  7347 | D:7      | Killed Harold
  7426 | D:7      | Got a brightly glowing ring mail
  7427 | D:7      | Identified the +4 ring mail of Wisdom {+Blink} (You found
                  | it on level 7 of the Dungeon)
  7609 | D:7      | Found a shadowy altar of Dithmenos.
  7609 | D:7      | Found a radiant altar of Vehumet.
  7610 | D:7      | Found an ornate altar of the Wu Jian Council.
  7642 | D:7      | Found Lenottoh's General Store.
  7649 | D:7      | Bought a scroll of teleportation for 30 gold pieces
  7649 | D:7      | Bought a potion of magic for 80 gold pieces
  7785 | D:7      | Noticed Menkaure
  7806 | D:7      | Killed Menkaure
  7806 | D:7      | Reached XP level 9. HP: 37/65 MP: 16/18
  8016 | D:7      | Found a burning altar of Makhleb.
  8019 | D:7      | Found a shattered altar of Ashenzari.
  8361 | D:8      | Found a glowing golden altar of the Shining One.
  8367 | D:8      | Reached ** piety under Sif Muna
  8473 | D:8      | Got a crude ring mail
  8533 | D:8      | Noticed Prince Ribbit
  8551 | D:8      | Killed Prince Ribbit
  8708 | D:8      | Found a sacrificial altar of Ru.
  9100 | D:9      | Reached skill level 5 in Invocations
  9134 | D:9      | Noticed a two-headed ogre
  9156 | D:9      | Killed a two-headed ogre
  9156 | D:9      | Reached XP level 10. HP: 38/73 MP: 16/20
  9383 | D:9      | Found Xatoabu's General Store.
  9402 | D:9      | Reached *** piety under Sif Muna
  9416 | D:9      | Bought a scroll of enchant armour for 97 gold pieces
  9624 | D:9      | Reached skill level 5 in Fighting
  9624 | D:9      | Reached skill level 5 in Short Blades
  9624 | D:9      | Reached skill level 5 in Long Blades
  9624 | D:9      | Reached skill level 5 in Axes
  9624 | D:9      | Reached skill level 5 in Maces & Flails
  9624 | D:9      | Reached skill level 5 in Polearms
  9624 | D:9      | Reached skill level 5 in Staves
  9624 | D:9      | Reached skill level 5 in Slings
  9624 | D:9      | Reached skill level 5 in Bows
  9624 | D:9      | Reached skill level 5 in Crossbows
  9624 | D:9      | Reached skill level 5 in Throwing
  9624 | D:9      | Reached skill level 5 in Armour
  9624 | D:9      | Reached skill level 5 in Shields
  9624 | D:9      | Reached skill level 5 in Unarmed Combat
  9624 | D:9      | Reached skill level 5 in Evocations
  9738 | D:9      | Identified the +3 ring mail of Noon {rF+} (You found it on
                  | level 8 of the Dungeon)
  9831 | D:9      | Paralysed by a hornet for 2 turns
 10141 | D:10     | Entered Level 10 of the Dungeon
 10411 | D:10     | Noticed a centaur warrior
 10439 | D:10     | Killed a centaur warrior
 10707 | D:10     | Found Keukou's Distillery.
 10710 | D:10     | Reached **** piety under Sif Muna
 10815 | D:10     | Reached XP level 11. HP: 81/81 MP: 22/22
 11921 | D:11     | Noticed an eight-headed hydra
 12073 | D:10     | Reached ***** piety under Sif Muna
 12073 | D:10     | Reached skill level 5 in Conjurations
 12073 | D:10     | Reached skill level 5 in Hexes
 12073 | D:10     | Reached skill level 5 in Charms
 12073 | D:10     | Reached skill level 5 in Necromancy
 12073 | D:10     | Reached skill level 5 in Translocations
 12073 | D:10     | Reached skill level 5 in Transmutations
 12073 | D:10     | Reached skill level 5 in Fire Magic
 12073 | D:10     | Reached skill level 5 in Ice Magic
 12073 | D:10     | Reached skill level 5 in Air Magic
 12073 | D:10     | Reached skill level 5 in Earth Magic
 12073 | D:10     | Reached skill level 5 in Poison Magic
 12474 | D:11     | Found a staircase to the Lair.
 12626 | D:11     | Noticed Erica
 12634 | D:11     | Killed Erica
 12945 | Lair:1   | Entered Level 1 of the Lair of Beasts
 13037 | Lair:1   | Received a gift from Sif Muna
 13290 | Lair:1   | Noticed a five-headed hydra
 13322 | Lair:1   | Killed a six-headed hydra
 14914 | Lair:2   | Found a hole to the Spider Nest.
 14990 | Lair:2   | Reached XP level 12. HP: 88/88 MP: 20/24
 15213 | Lair:2   | Noticed a five-headed hydra
 15221 | Lair:2   | Killed a three-headed hydra
 15480 | Lair:2   | Found a staircase to the Shoals.
 16054 | Lair:3   | Noticed a five-headed hydra
 16070 | Lair:3   | Killed a five-headed hydra
 16664 | Lair:4   | Noticed Kirke
 16672 | Lair:4   | Noticed a five-headed hydra
 16695 | Lair:3   | Killed a one-headed hydra
 16948 | Lair:4   | Noticed a seven-headed hydra
 16963 | Lair:4   | Killed a six-headed hydra
 17705 | Lair:4   | Noticed a sphinx
 18320 | Lair:5   | Found a viscous altar of Jiyva.
 18320 | Lair:5   | Found a staircase to the Slime Pits.
 18400 | Lair:5   | Identified the cursed +2 falchion of the Pyrrhic Victory
                  | {elec, *Drain Str+3 Int+2} (You found it on level 5 of the
                  | Lair of Beasts)
 18445 | Lair:5   | You fall into a shaft and drop 1 floor!
 18445 | Lair:6   | Entered Level 6 of the Lair of Beasts
 18635 | Lair:6   | Noticed a seven-headed hydra
 18647 | Lair:6   | Killed a five-headed hydra
 18691 | Lair:6   | Noticed a dire elephant
 18729 | Lair:6   | Killed a dire elephant
 18848 | Lair:6   | Noticed a seven-headed hydra
 18858 | Lair:6   | Reached XP level 13. HP: 81/97 MP: 26/26
 19415 | Lair:6   | Noticed Rupert
 19582 | Lair:6   | Killed Rupert
 19582 | Lair:6   | Identified Sif Muna's Disquisition on Freezing Heat (Sif
                  | Muna gifted it to you on level 6 of the Lair of Beasts)
 19582 | Lair:6   | Received a gift from Sif Muna
 20587 | Lair:6   | Noticed a dire elephant
 20616 | Lair:6   | Noticed a dire elephant
 20627 | Lair:6   | Noticed a dire elephant
 20734 | Lair:5   | Killed a dire elephant
 20959 | Lair:5   | Killed a dire elephant
 21023 | Lair:5   | Killed a dire elephant
 21313 | Lair:6   | Noticed a dire elephant
 21323 | Lair:6   | Killed a dire elephant
 21412 | Lair:6   | Reached skill level 10 in Summonings
 21556 | Lair:6   | Noticed a dire elephant
 21556 | Lair:6   | Noticed a dire elephant
 22147 | Lair:6   | Killed a dire elephant
 22861 | Lair:4   | Killed Kirke
 23627 | D:11     | Noticed Sonja
 23638 | D:11     | Killed Sonja
 24277 | D:12     | Found a staircase to the Orcish Mines.
 24340 | D:12     | Found Wexkil Zali's Distillery.
 24369 | D:12     | Reached skill level 10 in Spellcasting
 24372 | D:12     | Received a gift from Sif Muna
 24429 | D:12     | Reached XP level 14. HP: 97/105 MP: 28/28
 24865 | D:12     | Identified 3 scrolls of acquirement
 24866 | D:12     | Found the +7 captain's cutlass {speed, disarm}
 24943 | D:12     | Found Iticucka's Gadget Shop.
 25284 | D:12     | Found Joudebb's Book Shoppe.
 25293 | D:12     | Found Tulilor's Antique Artefacts.
 25327 | D:12     | Bought a clouded copper ring for 135 gold pieces
 25327 | D:12     | Bought an ancient lead ring for 135 gold pieces
 25327 | D:12     | Bought a vibrating bone ring for 135 gold pieces
 25327 | D:12     | Bought a transparent turquoise ring for 135 gold pieces
 25336 | D:12     | Identified the ring of Batt {+Fly rF+ rC+ Stlth+} (You
                  | bought it in a shop on level 12 of the Dungeon)
 25347 | D:12     | Identified the ring of Impatience {MP+9 Int+4} (You bought
                  | it in a shop on level 12 of the Dungeon)
 25349 | D:12     | Identified the ring of Lugonu's Pride {rC- Str+4 Slay+4
                  | SInv} (You bought it in a shop on level 12 of the Dungeon)
 25375 | D:12     | Identified the ring "Renabiru" {rN+ Str+5 Slay+5 Stlth-}
                  | (You bought it in a shop on level 12 of the Dungeon)
 25426 | D:12     | Found Vuhaf's Weapon Shoppe.
 25504 | Orc:1    | Entered Level 1 of the Orcish Mines
 25504 | Orc:1    | Noticed Fannar
 25618 | D:12     | Killed Fannar
 25618 | D:12     | Reached skill level 10 in Dodging
 26045 | Orc:1    | Identified Sif Muna's Handbook of the Entourage and
                  | Execration (Sif Muna gifted it to you on level 1 of the
                  | Orcish Mines)
 26045 | Orc:1    | Received a gift from Sif Muna
 26133 | Orc:1    | Noticed Jorgrun
 26146 | Orc:1    | Killed Jorgrun
 26380 | Orc:2    | Entered Level 2 of the Orcish Mines
 26926 | Orc:2    | Upgraded the game from 0.25-a0-246-g58704a1ebd to
                  | 0.25-a0-248-g18654cfe15
 26939 | Orc:2    | Found a staircase to the Elven Halls.
 27037 | Orc:2    | Found a bloodstained altar of Trog.
 27109 | Orc:2    | Reached skill level 10 in Stealth
 27543 | Orc:2    | Found Yzag's Antique Armour Shoppe.
 27543 | Orc:2    | Found Nuacva's Assorted Antiques.
 27545 | Orc:2    | Found Hosuavvoete's Book Shop.
 27549 | Orc:2    | Found Kenga's Armour Emporium.
 27780 | Orc:2    | Found a runed translucent gate.
 27780 | Orc:2    | Found a runed translucent gate.
 27782 | Orc:2    | Found a runed translucent gate.
 27785 | Orc:2    | Noticed Goblin1989's ghost (journeyman TeFi)
 28260 | Orc:2    | Killed Goblin1989's ghost
 28318 | Orc:2    | Bought an embroidered cloak for 195 gold pieces
 28381 | Orc:1    | Reached skill level 10 in Invocations
 28395 | Orc:1    | Noticed an orc warlord
 28473 | Orc:2    | Killed an orc warlord
 28905 | D:13     | Found a gate to the Vaults.
 29179 | D:13     | Found a gate leading to a gauntlet.
 29188 | Gauntlet | Entered a Gauntlet
 29188 | Gauntlet | Found a transporter.
 29188 | Gauntlet | Found a transporter.
 29188 | Gauntlet | Found a transporter.
 29189 | Gauntlet | Found a transporter.
 29193 | Gauntlet | Found a transporter.
 29195 | Gauntlet | Found a transporter.
 29201 | Gauntlet | Found a transporter.
 29202 | Gauntlet | Found a transporter.
 29203 | Gauntlet | Found a transporter.
 29204 | Gauntlet | Found a transporter.
 29211 | Gauntlet | Noticed an entropy weaver
 29212 | Gauntlet | Found a transporter.
 29216 | Gauntlet | Found a transporter.
 29399 | Gauntlet | Identified Sif Muna's Papyrus of the Traveller (Sif Muna
                  | gifted it to you in a Gauntlet)
 29399 | Gauntlet | Received a gift from Sif Muna
 29451 | Gauntlet | Got a distressingly furry plate armour
 29479 | Gauntlet | Killed an entropy weaver
 29602 | Gauntlet | Found the +2 Maxwell's thermic engine {flame, freeze}
 29603 | Gauntlet | Identified the +0 plate armour "Xoegru" {+Fly rF+ rN+++
                  | Int-3} (You found it in a Gauntlet)
 29639 | Gauntlet | Got an ancient plate armour
 29646 | Gauntlet | Identified the +5 plate armour of Bojuoghi {Str+5} (You
                  | found it in a Gauntlet)
 30096 | D:13     | Reached XP level 15. HP: 109/114 MP: 25/29
 30839 | D:14     | Noticed Josephine
 30871 | D:14     | Killed Josephine
 30960 | D:14     | Identified the Compendium of the Toadstool
 31229 | D:14     | Noticed Frances
 31247 | D:14     | Killed Frances
 31247 | D:14     | Identified Useckuca's Papyrus of Toxins and Clay (Sif Muna
                  | gifted it to you on level 14 of the Dungeon)
 31247 | D:14     | Received a gift from Sif Muna
 31566 | D:14     | Found Qaufecs's Antique Armour Boutique.
 31770 | D:15     | Entered Level 15 of the Dungeon
 31782 | D:15     | Found Omie's Magic Scroll Emporium.
 31810 | D:15     | Bought a scroll of fear for 42 gold pieces
 31810 | D:15     | Bought a scroll of acquirement for 624 gold pieces
 31810 | D:15     | Bought a scroll of blinking for 90 gold pieces
 31810 | D:15     | Bought a scroll of fear for 42 gold pieces
 31810 | D:15     | Bought a scroll of enchant armour for 90 gold pieces
 31917 | D:15     | Learned a level 5 spell: Summon Mana Viper
 32272 | D:15     | Found a staircase to the Depths.
 32283 | D:15     | Reached skill level 10 in Fighting
 32283 | D:15     | Reached skill level 10 in Short Blades
 32283 | D:15     | Reached skill level 10 in Long Blades
 32283 | D:15     | Reached skill level 10 in Axes
 32283 | D:15     | Reached skill level 10 in Maces & Flails
 32283 | D:15     | Reached skill level 10 in Polearms
 32283 | D:15     | Reached skill level 10 in Staves
 32283 | D:15     | Reached skill level 10 in Slings
 32283 | D:15     | Reached skill level 10 in Bows
 32283 | D:15     | Reached skill level 10 in Crossbows
 32283 | D:15     | Reached skill level 10 in Throwing
 32283 | D:15     | Reached skill level 10 in Armour
 32283 | D:15     | Reached skill level 10 in Shields
 32283 | D:15     | Reached skill level 10 in Unarmed Combat
 32283 | D:15     | Reached skill level 10 in Evocations
 33006 | D:15     | Learned a level 4 spell: Olgreb's Toxic Radiance
 33156 | Spider:1 | Entered Level 1 of the Spider Nest
 33446 | Spider:1 | Identified the +5 scale mail "Giggairr" {+Blink} (You found
                  | it on level 1 of the Spider Nest)
 33457 | Spider:1 | Received a gift from Sif Muna
 34026 | Spider:1 | Reached XP level 16. HP: 60/122 MP: 22/31
 34659 | Spider:1 | You are sucked into a shaft and drop 1 floor!
 35366 | Spider:2 | Identified Luicunu's Collected Works on Sinister Magic and
                  | Conjuration (Sif Muna gifted it to you on level 2 of the
                  | Spider Nest)
 35366 | Spider:2 | Received a gift from Sif Muna
 36450 | Spider:3 | Noticed Arachne
 36468 | Spider:3 | Killed Arachne
 36631 | Spider:3 | Got an iridescent shortbow
 36845 | Spider:4 | Entered Level 4 of the Spider Nest
 36865 | Spider:4 | Noticed Nikola
 36877 | Spider:4 | Killed Nikola
 36900 | Spider:4 | Identified the cursed +1 shortbow "Ziwueryo" {freeze, Str+4
                  | Dex+4} (You found it on level 3 of the Spider Nest)
 37456 | Spider:4 | Noticed Aizul
 37484 | Spider:4 | Killed Aizul
 37533 | Spider:3 | HP: 6/125 [poisoned by a redback]
 37910 | Spider:4 | Noticed Bai Suzhen
 37940 | Spider:4 | Killed Bai Suzhen
 37940 | Spider:4 | Received a gift from Sif Muna
 37940 | Spider:4 | Reached XP level 17. HP: 131/131 MP: 12/33
 37955 | Spider:4 | Learned a level 2 spell: Swiftness
 37961 | Spider:4 | Learned a level 5 spell: Lee's Rapid Deconstruction
 37967 | Spider:4 | Learned a level 5 spell: Silence
 38975 | Spider:4 | Got a gossamer rune of Zot
 39453 | Shoals:1 | Entered Level 1 of the Shoals
 39790 | Shoals:1 | Noticed Louise
 39812 | Shoals:1 | Killed Louise
 40408 | Shoals:1 | Found Kishri Boro's Antique Armour Emporium.
 40650 | Shoals:2 | Received a gift from Sif Muna
 41205 | Shoals:2 | Noticed a kraken
 41228 | Shoals:2 | Killed a kraken
 41712 | Shoals:3 | Noticed Polyphemus
 41746 | Shoals:3 | Killed Polyphemus
 42335 | Shoals:4 | Entered Level 4 of the Shoals
 42407 | Shoals:4 | Found a runed translucent gate.
 42408 | Shoals:4 | Found a runed translucent gate.
 42410 | Shoals:4 | Found a runed translucent gate.
 42412 | Shoals:4 | Noticed korppi's ghost (adept DsGl)
 42617 | Shoals:4 | Identified Noawas's Tome of the Glacier and Unholy Secrets
 42943 | Shoals:4 | Found a sacrificial altar of Ru.
 42979 | Shoals:4 | Reached skill level 10 in Conjurations
 42979 | Shoals:4 | Reached skill level 10 in Hexes
 42979 | Shoals:4 | Reached skill level 10 in Charms
 42979 | Shoals:4 | Reached skill level 10 in Necromancy
 42979 | Shoals:4 | Reached skill level 10 in Translocations
 42979 | Shoals:4 | Reached skill level 10 in Transmutations
 42979 | Shoals:4 | Reached skill level 10 in Fire Magic
 42979 | Shoals:4 | Reached skill level 10 in Ice Magic
 42979 | Shoals:4 | Reached skill level 10 in Air Magic
 42979 | Shoals:4 | Reached skill level 10 in Earth Magic
 42979 | Shoals:4 | Reached skill level 10 in Poison Magic
 43170 | Shoals:4 | Identified Sif Muna's Papyrus of Translocation (Sif Muna
                  | gifted it to you on level 4 of the Shoals)
 43170 | Shoals:4 | Received a gift from Sif Muna
 43170 | Shoals:4 | Reached XP level 18. HP: 139/139 MP: 25/34
 43198 | Shoals:4 | Identified the cursed +3 glaive "Epnoepia" {chop, rPois
                  | MR++ Str-2} (You found it on level 4 of the Shoals)
 43587 | Shoals:4 | Got a barnacled rune of Zot
 44051 | Shoals:4 | Killed korppi's ghost
 44070 | Shoals:4 | Identified the +1 pair of gloves of the Evening {Dex+6}
                  | (You found it on level 4 of the Shoals)
 44318 | Vaults:1 | Entered Level 1 of the Vaults
 44788 | D:13     | Identified Sif Muna's Guide on the Hurtful Birds (Sif Muna
                  | gifted it to you on level 13 of the Dungeon)
 44788 | D:13     | Received a gift from Sif Muna
 45792 | Vaults:1 | Noticed Asterion
 46304 | D:13     | Killed Asterion
 47544 | Vaults:1 | Received a gift from Sif Muna
 48217 | Vaults:1 | Reached XP level 19. HP: 140/147 MP: 33/36
 48991 | Vaults:2 | Noticed Frederick
 49292 | Vaults:2 | Found a staircase to the Crypt.
 49868 | Vaults:2 | You are sucked into a shaft and drop 1 floor!
 50216 | Vaults:3 | Received a gift from Sif Muna
 51222 | Vaults:2 | Killed Frederick
 51415 | Vaults:3 | Identified the cursed +2 broad axe "Wuagoefie" {chop,
                  | *Corrode rPois Str+2 Int+7}
 52720 | Vaults:4 | Identified Sif Muna's Compendium of Conjuration (Sif Muna
                  | gifted it to you on level 4 of the Vaults)
 52720 | Vaults:4 | Received a gift from Sif Muna
 52740 | Vaults:4 | Reached XP level 20. HP: 124/155 MP: 29/37
 55161 | Elf:1    | Entered Level 1 of the Elven Halls
 55251 | Elf:1    | Found a magical portal.
 55413 | WizLab   | Identified Sif Muna's Tome of Combat Magic (Sif Muna gifted
                  | it to you in a wizard's laboratory)
 55413 | WizLab   | Received a gift from Sif Muna
 57286 | WizLab   | Found a burning altar of Makhleb.
 57323 | WizLab   | Noticed Hukimp
 57333 | WizLab   | Killed Hukimp the Hellbinder
 57370 | WizLab   | Identified the Papyrus of the Escort
 57375 | WizLab   | Identified the ring "Dyxef" {+Fly Str-5 Int+4 Dex+3} (You
                  | found it in a wizard's laboratory)
 57878 | Elf:1    | Identified the Handbook of Creation
 59083 | Elf:1    | Received a gift from Sif Muna
 59535 | Elf:1    | Found a runed translucent gate.
 59536 | Elf:1    | Found a runed translucent gate.
 59536 | Elf:1    | Found a runed translucent gate.
 59537 | Elf:1    | Found a runed translucent gate.
 59537 | Elf:1    | Found a runed translucent gate.
 59538 | Elf:1    | Found a runed translucent gate.
 60255 | Elf:2    | Reached XP level 21. HP: 163/163 MP: 39/39
 60323 | Elf:2    | Found Zideenn's Armour Boutique.
 60422 | Elf:2    | Identified the +2 buckler of Lajareti {Regen+ Str+4 Int-5
                  | SInv} (You acquired it on level 2 of the Elven Halls)
 60498 | Elf:2    | Found a shimmering blue altar of Sif Muna.
 60700 | Elf:2    | Found a runed translucent gate.
 60700 | Elf:2    | Found a runed translucent gate.
 60700 | Elf:2    | Found a runed translucent gate.
 61884 | Depths:1 | Entered Level 1 of the Depths
 61919 | Depths:1 | Found Xoter's Gadget Shoppe.
 61921 | Depths:1 | Found Kishri Boro's Jewellery Boutique.
 61922 | Depths:1 | Found Soibucvyxto's Gadget Shoppe.
 61935 | Depths:1 | Bought the amulet "Woalul" {Reflect rN+ Int+4 SH+4} for 652
                  | gold pieces
 62049 | Depths:1 | Found a gateway to Hell.
 62188 | Depths:1 | Identified Sif Muna's Incunabulum of Shifting Flight (Sif
                  | Muna gifted it to you on level 1 of the Depths)
 62188 | Depths:1 | Received a gift from Sif Muna
 62666 | Depths:1 | Noticed a golden dragon
 63627 | Depths:1 | Noticed a juggernaut
 63628 | Depths:1 | Noticed a juggernaut
 63724 | Depths:1 | Killed a golden dragon
 63939 | Depths:1 | Got a serpentine amber ring
 63941 | Depths:1 | Identified the ring "Yseomnuj" {rElec rF+ rC+} (You found
                  | it on level 1 of the Depths)
 63948 | Depths:1 | Got a smoking granite ring
 63950 | Depths:1 | Identified the ring "Guneppui" {rElec MR+ rCorr Dex-3
                  | Stlth+} (You found it on level 1 of the Depths)
 64031 | Depths:1 | Killed a juggernaut
 64095 | Depths:1 | Identified the Guide on Supportive Clay
 64667 | Depths:1 | Found a gateway to Hell.
 64812 | Depths:1 | Found Kishri Boro's Jewellery Boutique.
 64812 | Depths:1 | Found Xoter's Gadget Shoppe.
 64845 | Depths:1 | Killed a juggernaut
 64845 | Depths:1 | Reached skill level 15 in Invocations
 66294 | Depths:2 | Paralysed by a sphinx for 3 turns
 66622 | Depths:1 | Identified Sif Muna's Compendium of Moulding and the
                  | Compass (Sif Muna gifted it to you on level 1 of the
                  | Depths)
 66622 | Depths:1 | Received a gift from Sif Muna
 66622 | Depths:1 | Reached XP level 22. HP: 157/172 MP: 40/40
 67365 | Depths:2 | Found a one-way gate to the infinite horrors of the Abyss.
 67753 | Depths:3 | Reached skill level 15 in Spellcasting
 68352 | Depths:3 | Found a gateway to a ziggurat.
 68587 | Depths:3 | Found a one-way gate leading to the halls of Pandemonium.
 68807 | Depths:4 | Noticed Saint Roka
 68968 | Depths:4 | Reached skill level 15 in Dodging
 69471 | Depths:4 | Killed Saint Roka
 69515 | Depths:4 | Reached skill level 15 in Stealth
 69816 | Depths:4 | Identified Sif Muna's Grimoire of Creative Changing (Sif
                  | Muna gifted it to you on level 4 of the Depths)
 69816 | Depths:4 | Received a gift from Sif Muna
 70278 | Depths:4 | Noticed a juggernaut
 70331 | Depths:4 | Killed a juggernaut
 70331 | Depths:4 | Reached skill level 15 in Summonings
 70613 | Depths:4 | Reached XP level 23. HP: 179/179 MP: 34/42
 70649 | Depths:4 | Noticed a juggernaut
 70667 | Depths:4 | Killed a juggernaut
 71117 | Depths:4 | Identified the +8 trident "Raokonan" {freeze, Str+5} (You
                  | found it on level 4 of the Depths)
 71119 | Depths:4 | Identified the cursed +0 scale mail "Lytamege" {rPois rF+++
                  | Regen+ Stlth-} (You found it on level 4 of the Depths)
 71168 | Depths:4 | Noticed a golden dragon
 71204 | Depths:4 | Killed a golden dragon
 72595 | Depths:4 | Identified Voblafok's Collected Works on Glacial Attacks
                  | (Sif Muna gifted it to you on level 4 of the Depths)
 72595 | Depths:4 | Received a gift from Sif Muna
 72805 | Depths:4 | Identified the cursed +0 scale mail of the Lumpy Blessings
                  | {rPois SInv} (You found it on level 4 of the Depths)
 72812 | Depths:4 | Got a pair of shimmering gloves
 72823 | Depths:4 | Identified the +2 pair of gloves of Ru's Supremacy {+Fly
                  | Str-5 Slay+3} (You acquired it on level 4 of the Depths)
 72998 | Depths:5 | Entered Level 5 of the Depths
 73204 | Depths:5 | Noticed a golden dragon
 73225 | Depths:5 | Killed a golden dragon
 73350 | Depths:5 | Reached skill level 15 in Fighting
 73350 | Depths:5 | Reached skill level 15 in Short Blades
 73350 | Depths:5 | Reached skill level 15 in Long Blades
 73350 | Depths:5 | Reached skill level 15 in Axes
 73350 | Depths:5 | Reached skill level 15 in Maces & Flails
 73350 | Depths:5 | Reached skill level 15 in Polearms
 73350 | Depths:5 | Reached skill level 15 in Staves
 73350 | Depths:5 | Reached skill level 15 in Slings
 73350 | Depths:5 | Reached skill level 15 in Bows
 73350 | Depths:5 | Reached skill level 15 in Crossbows
 73350 | Depths:5 | Reached skill level 15 in Throwing
 73350 | Depths:5 | Reached skill level 15 in Armour
 73350 | Depths:5 | Reached skill level 15 in Shields
 73350 | Depths:5 | Reached skill level 15 in Unarmed Combat
 73350 | Depths:5 | Reached skill level 15 in Evocations
 73559 | Depths:5 | Learned a level 6 spell: Freezing Cloud
 73566 | Depths:5 | Learned a level 6 spell: Invisibility
 73573 | Depths:5 | Learned a level 6 spell: Iron Shot
 73643 | Depths:5 | Found a gate to the Realm of Zot.
 73978 | Depths:5 | Noticed a juggernaut
 73993 | Depths:5 | Killed a juggernaut
 74565 | Vaults:5 | Entered Level 5 of the Vaults
 74565 | Vaults:5 | Noticed Xtahua
 75212 | Vaults:4 | Paralysed by Xtahua for 2 turns
 75245 | Vaults:4 | Killed Xtahua
 75247 | Vaults:4 | Reached XP level 24. HP: 17/189 MP: 5/42
 75695 | Vaults:4 | Identified Sif Muna's Reference Book on Feathery Attacks
                  | (Sif Muna gifted it to you on level 4 of the Vaults)
 75695 | Vaults:4 | Received a gift from Sif Muna
 76222 | Vaults:5 | Identified the ring "Somacrum" {*Tele *Corrode Str+4 Int+2
                  | Stlth+}
 76353 | Vaults:5 | Upgraded the game from 0.25-a0-248-g18654cfe15 to
                  | 0.25-a0-253-g6f1b5d974a
 76834 | Vaults:5 | Identified the cursed ring "Foses" {+Fly rElec rC- Dex-3
                  | Slay+2}
 77057 | Vaults:5 | Identified the +0 ring mail "Paowkih" {Int+5} (You found it
                  | on level 5 of the Vaults)
 77388 | Vaults:5 | Paralysed by a sphinx for 6 turns
 77760 | Vaults:5 | Identified the +11 arbalest of Indomitability {flame, -Tele
                  | rF+ MR+}
 78137 | Vaults:5 | Received a gift from Sif Muna
 78470 | Vaults:5 | Identified the Disquisition on Talismans and the Birds
 78473 | Vaults:5 | Identified Sif Muna's Almanac of Changing and Companions
 78502 | Vaults:5 | Got a silver rune of Zot
 78567 | Vaults:5 | Paralysed by a great orb of eyes for 4 turns
 79009 | Slime:1  | Entered Level 1 of the Pits of Slime
 79016 | Slime:1  | Gained mutation: You are frail. (-10% HP) [a shining eye]
 79028 | Slime:1  | Gained mutation: You tend to lose your temper in combat. [a
                  | shining eye]
 79303 | Slime:5  | Entered Level 5 of the Pits of Slime
 79369 | Slime:5  | Reached XP level 25. HP: 177/177 MP: 43/43
 79726 | Slime:5  | Gained mutation: You are weak. (Str -2) [a shining eye]
 79733 | Slime:5  | Gained mutation: You often lose your temper in combat. [a
                  | shining eye]
 79737 | Slime:5  | Lost mutation: You are frail. (-10% HP) [potion of
                  | mutation]
 79737 | Slime:5  | Lost mutation: You often lose your temper in combat.
                  | [potion of mutation]
 79737 | Slime:5  | Gained mutation: You are partially covered in rugged brown
                  | scales. (AC +1, +3% HP) [potion of mutation]
 79737 | Slime:5  | Lost mutation: You are weak. (Str -2) [potion of mutation]
 79738 | Slime:5  | Lost mutation: You are partially covered in rugged brown
                  | scales. (AC +1, +3% HP) [potion of mutation]
 79738 | Slime:5  | Lost mutation: You tend to lose your temper in combat.
                  | [potion of mutation]
 79738 | Slime:5  | Gained mutation: You passively map a small area around you.
                  | [potion of mutation]
 79738 | Slime:5  | Gained mutation: You possess an exceptional clarity of
                  | mind. [potion of mutation]
 79738 | Slime:5  | Gained mutation: You expend magic power (3 MP) to
                  | strengthen your wands. [potion of mutation]
 79876 | Slime:5  | Noticed the Royal Jelly
 79879 | Slime:5  | Found a viscous altar of Jiyva.
 79907 | Slime:5  | Killed the Royal Jelly
 79960 | Slime:5  | Paralysed by a great orb of eyes for 7 turns
 80115 | Slime:5  | Found the ring of the Mage {Wiz MR++ Int+3}
 80129 | Slime:5  | Identified Eviammyl's Incunabulum of the Poisonous Oath
 80140 | Slime:5  | Identified the ring "Magixt" {Ice rN+} (You found it on
                  | level 5 of the Pits of Slime)
 80167 | Slime:5  | Identified the +3 rapier "Murmur" {elec, MR+ Int-2 Dex+4}
                  | (You found it on level 5 of the Pits of Slime)
 80190 | Slime:5  | Got a slimy rune of Zot
 80198 | Slime:5  | Identified the Guide on Orientation and the Frostbite
 80664 | Slime:4  | Received a gift from Sif Muna
 80828 | Slime:3  | Reached ****** piety under Sif Muna
 80882 | Slime:3  | You fall into a shaft and drop 1 floor!
 83068 | Elf:3    | Entered Level 3 of the Elven Halls
 83327 | Elf:3    | Identified Wautu's Handbook of Excruciating Calling (Sif
                  | Muna gifted it to you on level 3 of the Elven Halls)
 83327 | Elf:3    | Received a gift from Sif Muna
 84083 | Elf:3    | Identified the cursed +3 hand axe of Satyriasis {chop,
                  | Dex+2 Stlth+}
 84083 | Elf:3    | Identified the ring of the Endless Lies {rC+ Str+4 Int+4}
 84481 | Elf:3    | Identified the +8 plate armour "Saagh" {rC+ MR- Int+3
                  | Dex+2}
 84496 | Elf:3    | Identified the +1 quarterstaff of the Shark {crush, +Blink}
 84847 | Elf:3    | Learned a level 2 spell: Blink
 85160 | Zot:1    | Entered Level 1 of the Realm of Zot
 85211 | Zot:1    | Reached XP level 26. HP: 183/206 MP: 43/43
 87475 | Zot:2    | Received a gift from Sif Muna
 87506 | Zot:2    | HP: 9/206 [electric golem/bolt of lightning (2)]
 89589 | Zot:3    | Reached XP level 27. HP: 211/213 MP: 44/44
 89597 | Zot:3    | Learned a level 6 spell: Statue Form
 90430 | Zot:3    | HP: 1/214 [acid (14)]
 90430 | Zot:3    | Killed from afar by an acid blob

Levels and vault maps discovered:
D:1:      dpeg_arrival_tiny_j, layout_loops_ring
D:2:      kennysheep_the_goblin_king, layout_loops_ring, uniq_natasha
D:3:      layout_rooms, first_ration, minmay_cut_off
D:4:      minmay_inner_zag, layout_basic, minmay_splitting_lines,
          chequers_serial_rivers_small_b
D:5:      layout_loops_ring, marbit_many_paths, minmay_temple_entry_stoned_glass
D:6:      layout_basic, serial_shops, nicolae_shop_crystal
D:7:      layout_loops_corners, nicolae_overflow_hidden_temple, serial_shops,
          nicolae_shop_window_shopping, minmay_liquid_box, uniq_menkaure,
          uniq_harold
D:8:      layout_rooms, nicolae_ru_path_of_blood, nicolae_tso_besieged_by_evil,
          uniq_prince_ribbit1
D:9:      layout_basic, serial_shops, nicolae_shop_trees, grunt_livestock,
          hangedman_glass_teeth
D:10:     layout_basic, serial_shops, nicolae_shop_competitors_out_of_business,
          grunt_decor_cap
D:11:     layout_basic, erik_lair_island, uniq_sonja, uniq_erica
D:12:     layout_small_grid, hiddenorc2_lemuel, serial_shops,
          nicolae_shop_temple_entry_statues_fountains, shop, shop,
          nicolae_shop_stone, nicolae_antique_artefacts,
          kennysheep_generic_room_14
D:13:     layout_gridville, erik_vaults_2, gauntlet_entry_generic,
          kennysheep_small_spiral
D:14:     layout_basic, serial_shops, nicolae_shop_window_shopping,
          hangedman_decor_peaks_small, roderic_lattice_a, minivault_4,
          kennysheep_windowed_goal, uniq_frances, uniq_josephine
D:15:     hangedman_depths_entry_civil_slaughter, layout_irregular_city,
          serial_shops, shop, nicolae_benzene_ring, nooodl_orcs_dogs
Temple:   eino_temple_water
Lair:1:   layout_cave_pods, grunt_megastairs_5
Lair:2:   layout_chaotic_city, minmay_shoals_entry_centaurs,
          spider_nest_entry_web_field, grunt_megastairs_2, serial_bayou_shore_b,
          lemuel_fruit_tree, infiniplex_staircase_pool
Lair:3:   layout_chaotic_city
Lair:4:   layout_regular_city, uniq_kirke
Lair:5:   layout_concentric_octagons, slime_altar_1
Lair:6:   due_jungle_book, layout_regular_city, minmay_shattered_shrine,
          uniq_rupert
Shoals:1: layout_shoals, serial_shops, nicolae_shop_behind_doors,
          nicolae_shoals_drake_roost, uniq_louise
Shoals:2: layout_shoals
Shoals:3: layout_shoals, nicolae_shoals_this_corrosion, uniq_polyphemus
Shoals:4: shoals_end_simple, layout_shoals, gammafunk_ghost_necromancy,
          lemuel_altar_in_water
Spider:1: layout_chambers
Spider:2: layout_spider_delve
Spider:3: cheibrodos_forgotten_conduit, nicolae_orb_island, uniq_arachne
Spider:4: grunt_spider_rune_circles, uniq_bai_suzhen, uniq_nikola, uniq_aizul
Slime:1:  layout_caves
Slime:2:  layout_caves, nicolae_slime_phagocytosis
Slime:3:  layout_caves
Slime:4:  layout_caves
Slime:5
Orc:1:    layout_caves, uniq_jorgrun, uniq_fannar
Orc:2:    st_orc_rangers, layout_caves, gammafunk_ghost_necromancy, basic_altar
Elf:1:    minmay_elf_arrival_summoners, layout_onion_city,
          infiniplex_enter_wizlab_water, orc_legates, st_stairs_8,
          minmay_elf_demonology
Elf:2:    layout_geoelf_diagonals, serial_shops, nicolae_shop_behind_doors,
          basic_altar
Elf:3:    minmay_elf_hall_not_hex, layout_rooms
Vaults:1: nicolae_vaults_network_s, ontoclasm_vaults_chip,
          nicolae_vaults_puzzle_piece, vaults_room_boxed,
          dpeg_vaults_monster_box, v_misc_11, v_alt_pattern_3, vaults_dpeg_ring,
          ontoclasm_vaults_fault, vaults_dpeg_encased_lava, dpeg_vaults_waves,
          layout_vaults_ring, uniq_asterion
Vaults:2: nicolae_vaults_yaktaur_gun_rack, vaults_dpeg_doors,
          minmay_crypt_entry_skeletal_spiral, v_misc_5, v_misc_15,
          ontoclasm_vaults_hangar, v_misc_9, layout_vaults_quadrants,
          uniq_frederick
Vaults:3: grunt_vaults_swirl, hangedman_vaults_hat,
          nicolae_vaults_little_squares_1, ontoclasm_vaults_loading_screen,
          vaults_mumra_chevron, nicolae_vaults_diagonal_hallway_8,
          nicolae_vaults_circle_grid_b, nicolae_vaults_network_periphery,
          nicolae_vaults_minivaults, v_misc_23, layout_vaults_omnibox
Vaults:4: vaults_room_stairs_pillars, nicolae_vaults_rhombus_7,
          nicolae_vaults_statue_guard, v_pattern_5, ontoclasm_vaults_pinch,
          vaults_room_corners, v_rooms_6, hangedman_vaults_snaps, v_misc_12,
          nicolae_vaults_hallways_thing, ontoclasm_vaults_chip,
          layout_vaults_big_cross
Vaults:5: uniq_xtahua
Depths:1: layout_long_grid, serial_bayou_ford_a, grunt_hell_entry_dis_grunt,
          hex_tiny, minmay_the_grid_2x2 [minmay_the_grid_minigrid_small,
          minmay_the_grid_dragon_a, minmay_the_grid_spikes,
          minmay_the_grid_prize_big_room], minmay_shop_grove,
          serial_bayou_shore_b, serial_bayou_shore_a
Depths:2: hangedman_cross_stitches, layout_cross, grunt_metal_band,
          abyss_entry_crystal, lemuel_flames_and_gold
Depths:3: minmay_isolated_rectangles_in_corner, layout_gridlike,
          enter_ziggurat_b, solitary_fountain, rand_demon_pan_entry_1,
          hell_entry, grunt_tough_drop, infiniplex_staircase_squiggle,
          grunt_megastairs_3
Depths:4: kennysheep_large_vault, layout_cave_pools, marbit_kobold_abyss_entry,
          hell_entry, minivault_16, serial_bayou_shore_b, uniq_saint_roka,
          uniq_jory
Depths:5: grunt_twist_and_shout, layout_gridlike, minmay_misc_feat_nine_boxes,
          grunt_pan_entry_sceptre, hell_entry
Zot:1:    kennysheep_six_static_rooms, layout_cathedral_of_symmetry
Zot:2:    kennysheep_ambush_hall, layout_gridlike
Zot:3:    lemuel_acid_trip, layout_onion_interference

Skill      XL: |  1  2  3  4  5  6  7  8  9 10 11 12 13 14 15 16 17 18 19 20 21 22 23 24 25 26 27 |
---------------+----------------------------------------------------------------------------------+-----
Spellcasting   | 5 6 7 8 9 10 11 12 13 14 15 16 17 | 17.6
Invocations    | 1 2 3 4 5 6 7 8 9 10 11 12 13 14 15 16 17 18 | 18.4
Fighting       | 1 2 3 4 5 6 7 8 9 10 11 12 13 14 15 16 17 | 17.1
Short Blades   | 1 2 3 4 5 6 7 8 9 10 11 12 13 14 15 16 17 | 17.1
Long Blades    | 1 2 3 4 5 6 7 8 9 10 11 12 13 14 15 16 17 | 17.1
Axes           | 1 2 3 4 5 6 7 8 9 10 11 12 13 14 15 16 17 | 17.1
Maces & Flails | 1 2 3 4 5 6 7 8 9 10 11 12 13 14 15 16 17 | 17.1
Polearms       | 1 2 3 4 5 6 7 8 9 10 11 12 13 14 15 16 17 | 17.1
Staves         | 1 2 3 4 5 6 7 8 9 10 11 12 13 14 15 16 17 | 17.1
Slings         | 1 2 3 4 5 6 7 8 9 10 11 12 13 14 15 16 17 | 17.1
Bows           | 1 2 3 4 5 6 7 8 9 10 11 12 13 14 15 16 17 | 17.1
Crossbows      | 1 2 3 4 5 6 7 8 9 10 11 12 13 14 15 16 17 | 17.1
Throwing       | 1 2 3 4 5 6 7 8 9 10 11 12 13 14 15 16 17 | 17.1
Armour         | 1 2 3 4 5 6 7 8 9 10 11 12 13 14 15 16 17 | 17.1
Shields        | 1 2 3 4 5 6 7 8 9 10 11 12 13 14 15 16 17 | 17.1
Unarmed Combat | 1 2 3 4 5 6 7 8 9 10 11 12 13 14 15 16 17 | 17.1
Evocations     | 1 2 3 4 5 6 7 8 9 10 11 12 13 14 15 16 17 | 17.1
Conjurations   | 1 2 3 4 5 6 7 8 9 10 11 12 13 14 | 14.7
Hexes          | 1 2 3 4 5 6 7 8 9 10 11 12 13 14 | 14.7
Charms         | 1 2 3 4 5 6 7 8 9 10 11 12 13 14 | 14.7
Necromancy     | 1 2 3 4 5 6 7 8 9 10 11 12 13 14 | 14.7
Translocations | 1 2 3 4 5 6 7 8 9 10 11 12 13 14 | 14.7
Transmutations | 1 2 3 4 5 6 7 8 9 10 11 12 13 14 | 14.7
Fire Magic     | 1 2 3 4 5 6 7 8 9 10 11 12 13 14 | 14.7
Ice Magic      | 1 2 3 4 5 6 7 8 9 10 11 12 13 14 | 14.7
Air Magic      | 1 2 3 4 5 6 7 8 9 10 11 12 13 14 | 14.7
Earth Magic    | 1 2 3 4 5 6 7 8 9 10 11 12 13 14 | 14.7
Poison Magic   | 1 2 3 4 5 6 7 8 9 10 11 12 13 14 | 14.7
Dodging        | 5 6 7 8 9 10 11 12 13 14 15 16 17 | 17.5
Stealth        | 5 6 7 8 9 10 11 12 13 14 15 16 17 | 17.4
Summonings     | 8 9 10 11 12 13 14 15 16 17 18 | 18.2

Action                   |  1- 3 |  4- 6 |  7- 9 | 10-12 | 13-15 | 16-18 | 19-21 | 22-24 | 25-27 || total
-------------------------+-------+-------+-------+-------+-------+-------+-------+-------+-------++-------
Melee: Unarmed           |    11 |       |    12 |     3 |       |    35 |       |       |       ||    61
       Bite              |     8 |    26 |    29 |    57 |   110 |   157 |   314 |   354 |   260 ||  1315
       Dagger            |    49 |       |       |       |       |       |       |       |       ||    49
       Short sword       |    18 |   265 |    71 |       |       |       |       |       |       ||   354
       Punch             |       |     2 |     1 |       |    17 |    24 |       |       |       ||    44
       Quarterstaff      |       |       |    50 |       |       |       |       |       |       ||    50
       Halberd           |       |       |   151 |   683 |   669 |       |       |       |       ||  1503
       Scimitar          |       |       |       |    36 |    18 |       |       |       |       ||    54
       Double sword      |       |       |       |       |   323 |   923 |  1444 |       |       ||  2690
       Quick blade       |       |       |       |       |    23 |       |       |       |       ||    23
       Demon trident     |       |       |       |       |       |       |   329 |  2197 |  1771 ||  4297
Throw: Dart              |       |    12 |    16 |     5 |     4 |       |       |       |       ||    37
 Cast: Summon Small Mamm |    26 |       |       |       |       |       |       |       |       ||    26
       Call Canine Famil |     3 |    14 |    28 |    42 |    41 |       |       |       |       ||   128
       Summon Lightning  |       |       |     1 |    42 |   115 |   105 |   106 |    60 |    15 ||   444
       Olgreb's Toxic Ra |       |       |       |       |     8 |    26 |       |       |       ||    34
       Summon Mana Viper |       |       |       |       |     4 |    95 |   138 |    69 |    28 ||   334
       Lee's Rapid Decon |       |       |       |       |       |     9 |     7 |     4 |       ||    20
       Silence           |       |       |       |       |       |     1 |    20 |     4 |     6 ||    31
       Swiftness         |       |       |       |       |       |     1 |       |       |       ||     1
       Iron Shot         |       |       |       |       |       |       |       |     3 |    16 ||    19
       Invisibility      |       |       |       |       |       |       |       |     1 |     1 ||     2
       Freezing Cloud    |       |       |       |       |       |       |       |     4 |    20 ||    24
       Blink             |       |       |       |       |       |       |       |       |     1 ||     1
       Statue Form       |       |       |       |       |       |       |       |       |     1 ||     1
 Abil: Evoke Blink       |       |       |       |     6 |     3 |       |       |       |       ||     9
       Evoke Berserk Rag |       |       |       |       |     2 |     2 |     2 |       |       ||     6
       Stop Flying       |       |       |       |       |       |     2 |       |     4 |       ||     6
       Evoke Flight      |       |       |       |       |       |     2 |       |     3 |       ||     5
       Evoke Invisibilit |       |       |       |       |       |       |     1 |       |       ||     1
Evoke: Wand              |       |       |       |     2 |     2 |     1 |       |     1 |     8 ||    14
       Phantom mirror    |       |       |       |       |     1 |       |       |       |       ||     1
  Use: Scroll            |       |       |    10 |    15 |    21 |    11 |    19 |    15 |    11 ||   102
       Potion            |       |       |       |       |     1 |     4 |     3 |     1 |    12 ||    21
 Stab: Sleeping          |     4 |    13 |     2 |    24 |     8 |    12 |    28 |    22 |    29 ||   142
       Distracted        |     1 |       |     6 |     8 |    20 |    26 |    44 |    43 |    12 ||   160
       Invisible         |       |       |       |       |       |       |     2 |     7 |     2 ||    11
  Eat: Chunk             |       |    11 |     9 |    25 |    26 |    19 |    10 |    11 |     3 ||   114
       Ration            |       |     1 |     2 |     3 |    10 |    11 |    17 |     9 |    10 ||    63
Armor: Robe              |    10 |    61 |    35 |       |       |       |       |       |       ||   106
       Ring mail         |       |       |    51 |   237 |    53 |       |       |       |       ||   341
       Skin              |       |       |       |     1 |       |       |       |       |     1 ||     2
       Pearl dragon scal |       |       |       |       |   611 |   691 |   675 |   711 |   551 ||  3239
Dodge: Dodged            |    53 |   163 |   254 |   694 |   994 |   796 |   792 |   753 |   755 ||  5254
Block: Shield            |       |       |       |       |       |   494 |  1043 |  1009 |   783 ||  3329
       Reflection        |       |       |       |       |       |       |    19 |    53 |       ||    72
       Rpst.: Scimitar   |       |       |       |     6 |     5 |       |       |       |       ||    11
       Double sword      |       |       |       |       |    55 |   148 |   146 |       |       ||   349

Table legend:
 A = Non-vault XP
 B = Vault XP
 C = Vault XP percentage of total XP
 D = Non-vault monster count
 E = Vault monster count
 F = Vault count percentage of total count
                 A         B        C        D         E       F
            +---------+---------+-------+---------+---------+-------
      Total |  698027 |  593531 |  46.0 |    1554 |     862 |  35.7
            +---------+---------+-------+---------+---------+-------
        D:1 |      25 |       0 |   0.0 |      18 |       0 |   0.0
        D:2 |     154 |      46 |  23.0 |      36 |       8 |  18.2
        D:3 |      57 |      18 |  24.0 |      27 |       4 |  12.9
        D:4 |     198 |      36 |  15.4 |       7 |       2 |  22.2
        D:5 |     418 |       0 |   0.0 |      17 |       0 |   0.0
        D:6 |     372 |       0 |   0.0 |      14 |       0 |   0.0
        D:7 |     737 |     660 |  47.2 |      14 |       2 |  12.5
        D:8 |    1081 |     234 |  17.8 |      25 |      13 |  34.2
        D:9 |    2280 |     666 |  22.6 |      37 |       5 |  11.9
       D:10 |    4330 |     100 |   2.3 |      57 |       2 |   3.4
       D:11 |    2195 |    1413 |  39.2 |      19 |       6 |  24.0
       D:12 |    9535 |    1159 |  10.8 |      79 |      34 |  30.1
       D:13 |   13738 |   13399 |  49.4 |      58 |      28 |  32.6
       D:14 |    7031 |    3254 |  31.6 |      29 |       6 |  17.1
       D:15 |   10076 |    5155 |  33.8 |      36 |      18 |  33.3
     Lair:1 |    3213 |    1123 |  25.9 |      15 |       4 |  21.1
     Lair:2 |    3973 |     619 |  13.5 |      17 |       6 |  26.1
     Lair:3 |    2027 |     105 |   4.9 |       7 |       1 |  12.5
     Lair:4 |    2232 |    2273 |  50.5 |      10 |       6 |  37.5
     Lair:5 |    6963 |       0 |   0.0 |      17 |       0 |   0.0
     Lair:6 |    5997 |    8854 |  59.6 |      13 |      17 |  56.7
   Shoals:1 |    6378 |    3039 |  32.3 |      18 |      10 |  35.7
   Shoals:2 |    9233 |       0 |   0.0 |      17 |       0 |   0.0
   Shoals:3 |    3974 |    4697 |  54.2 |      10 |       7 |  41.2
   Shoals:4 |   15272 |   20940 |  57.8 |      33 |      46 |  58.2
   Spider:1 |   21040 |       0 |   0.0 |      64 |       0 |   0.0
   Spider:2 |   12745 |       0 |   0.0 |      38 |       0 |   0.0
   Spider:3 |   11003 |    9916 |  47.4 |      34 |      15 |  30.6
   Spider:4 |    5418 |   24420 |  81.8 |      23 |      37 |  61.7
    Slime:1 |   11373 |       0 |   0.0 |      17 |       0 |   0.0
    Slime:2 |   24205 |     786 |   3.1 |      48 |       3 |   5.9
    Slime:3 |    2364 |       0 |   0.0 |       9 |       0 |   0.0
    Slime:4 |    8481 |       0 |   0.0 |      10 |       0 |   0.0
    Slime:5 |   16757 |   26356 |  61.1 |      23 |      11 |  32.4
      Orc:1 |    1612 |    2482 |  60.6 |      30 |       2 |   6.2
      Orc:2 |    2906 |    5072 |  63.6 |      17 |      43 |  71.7
      Elf:1 |   19631 |   20748 |  51.4 |      35 |      45 |  56.2
      Elf:2 |   10845 |   36715 |  77.2 |      21 |      42 |  66.7
      Elf:3 |   17047 |   21975 |  56.3 |      35 |      16 |  31.4
   Vaults:1 |   25541 |   14966 |  36.9 |      61 |      31 |  33.7
   Vaults:2 |   14555 |   14852 |  50.5 |      34 |      26 |  43.3
   Vaults:3 |   28927 |   16090 |  35.7 |      55 |      23 |  29.5
   Vaults:4 |   34177 |   64144 |  65.2 |      50 |      71 |  58.7
   Vaults:5 |   33793 |   58454 |  63.4 |      42 |      46 |  52.3
   Depths:1 |   45316 |   22043 |  32.7 |      75 |      17 |  18.5
   Depths:2 |   18437 |   16129 |  46.7 |      24 |      14 |  36.8
   Depths:3 |   18149 |   18634 |  50.7 |      16 |      26 |  61.9
   Depths:4 |   33918 |   61804 |  64.6 |      47 |      56 |  54.4
   Depths:5 |   29946 |   15343 |  33.9 |      28 |      15 |  34.9
      Zot:1 |   30807 |    9244 |  23.1 |      18 |       6 |  25.0
      Zot:2 |   78982 |   17112 |  17.8 |      53 |       8 |  13.1
      Zot:3 |   28563 |   26505 |  48.1 |      17 |      44 |  72.1
     WizLab |       0 |   18504 | 100.0 |       0 |      31 | 100.0
   Gauntlet |       0 |    3447 | 100.0 |       0 |       9 | 100.0
            +---------+---------+-------+---------+---------+-------
